 Dungeon Crawl Stone Soup version 0.31-a0-986-g5e6e4ef867 (webtiles) character file.

Game seed: 12417847065412990515

308 Jakobjh the Conjurer (level 6, 0/54 HPs)
             Began as a Troll Conjurer on Nov 9, 2023.
             Was a Believer of Qazlal.
             Slain by an iguana (7 damage)
             ... on level 5 of the Dungeon.
             The game lasted 00:15:05 (2015 turns).

Jakobjh the Conjurer (Troll Conjurer)               Turns: 2015, Time: 00:15:06

Health: 0/54       AC:  4    Str: 16    XL:     6   Next: 17%
Magic:  3/7        EV:  8    Int: 16    God:    Qazlal [**....]
Gold:   117        SH:  9    Dex:  8    Spells: 7/8 levels left

rFire   . . .        j - staff of conjuration
rCold   . . .        n - +0 kite shield
rNeg    . . .        a - +0 robe
rPois   .            (helmet restricted)
rElec   .            (no cloak)
rCorr   .            (gloves unavailable)
SInv    +            (boots unavailable)
Will    .....        k - amulet of faith
Stlth   +            g - ring of see invisible
HPRegen 1.09/turn    (no ring)
MPRegen 0.10/turn

%: faith
@: no status effects
A: large, unfitting armour, claws 3, regeneration 1, shaggy fur 1, tough skin 1
a: Renounce Religion, Upheaval


You were on level 5 of the Dungeon.
You worshipped Qazlal.
Qazlal was pleased with you.
You visited 1 branch of the dungeon, and saw 5 of its levels.

You collected 117 gold pieces.

Inventory:

Hand Weapons
 l - a +0 rapier of venom
Armour
 a - a +0 robe (worn)
 n - a +0 kite shield (worn)
Magical Staves
 j - a staff of conjuration (weapon)
Jewellery
 g - a ring of see invisible (left claw)
 k - an amulet of faith (around neck)
Scrolls
 e - a scroll of teleportation
 i - a scroll of fog
Potions
 b - 3 potions of magic
 c - a potion of enlightenment {unknown}
 d - a potion of haste {unknown}
 h - 2 potions of heal wounds
 o - a potion of cancellation {unknown}
 p - a potion of curing
 r - a potion of degeneration


   Skills:
 + Level 0.9 Fighting
 + Level 1.6 Short Blades
 + Level 0.7 Staves
 + Level 3.0 Dodging
 + Level 1.2 Stealth
 + Level 0.5 Shields
 + Level 0.2 Unarmed Combat
 * Level 1.8 Spellcasting
 * Level 3.8 Conjurations


You had 7 spell levels left.
You knew the following spells:

 Your Spells              Type           Power      Damage    Failure   Level
a - Magic Dart            Conj           80%        1d7       14%         1

Your spell library contained the following spells:

 Spells                   Type           Power      Damage    Failure   Level
 Searing Ray              Conj           40%        2d5       22%         2
 Foxfire                  Conj/Fire      44%        2x1d6     32%         1
 Freeze                   Ice            4%         1d3       56%         1
 Dazzling Flash           Conj/Hex       22%        N/A       67%         3
 Hailstorm                Conj/Ice       11%        3d5       67%         3
 Frozen Ramparts          Ice            2%         1d1       91%         3
 Fulminant Prism          Conj/Hex       5%         3d7       97%         4
 Iskenderun's Mystic Bla  Conj/Tloc      11%        2d4       97%         4
 Plasma Beam              Fire/Air       0%         2x1d10    100%        6
 Starburst                Conj/Fire      5%         6d4       100%        6


Dungeon Overview and Level Annotations

Branches:
Dungeon (5/15)             Temple (0/1) D:4

Altars:
Qazlal


Innate Abilities, Weirdness & Mutations

You are too large for most types of armour.
You have claws for hands.
Your natural rate of healing is unusually fast.
You are covered in fur. (AC +1)
You have tough skin. (AC +1)


Message History

You feel a surge of power!
You miscast Magic Dart.
Nothing appears to happen.
The iguana bites you.
* * * LOW HITPOINT WARNING * * *
You feel better. The iguana bites you.
Aiming: Magic Dart (safe; 14% risk of failure)
Press: ? - help, Q - select action, (/) - cycle Shift-Dir - straight line, f/p - iguana
Aim: an iguana (severely wounded, 100% to hit)
You feel a surge of power!
The magic dart hits the iguana but does no damage.
The iguana is severely wounded.
You block the iguana's attack.
You hit the iguana.
The iguana is almost dead.
The iguana bites you.
You hit the iguana but do no damage.
The iguana is almost dead.
You block the iguana's attack. x2
You hit the iguana but do no damage.
The iguana is almost dead.
The iguana bites you.
You barely miss the iguana.
The iguana is almost dead.
You block the iguana's attack.
You barely miss the iguana.
The iguana is almost dead.
The iguana bites you! The iguana barely misses you.
You closely miss the iguana.
The iguana is almost dead.
The iguana bites you.
* * * LOW HITPOINT WARNING * * *
Your magical contamination has completely faded away.
You closely miss the iguana.
The iguana is almost dead.
You block the iguana's attack.
You hit the iguana.
The iguana is almost dead.
The iguana bites you!
* * * LOW HITPOINT WARNING * * *
The iguana bites you!
You die...

##### #...#
#########...#
.......@l...#
#########...#
#...# #.###
#.# #.# #.#
...


You could see an iguana.

Vanquished Creatures
  A hound (D:4)
  Jessica (D:3)
  Natasha (thrice) (D:3)
  An iguana (D:4)
  Terence (D:2)
  4 gnolls (D:2)
  2 adders
  A worm (D:2)
  2 dart slugs
  2 orcs (D:4)
  7 ball pythons
  3 bats
  4 endoplasms
  A giant cockroach (D:3)
  7 goblins
  5 hobgoblins
  8 jackals
  6 kobolds
  A quokka (D:1)
  6 rats
66 creatures vanquished.

Notes
Turn   | Place    | Note
-------+----------+-------------------------------------------
     0 | D:1      | Jakobjh the Troll Conjurer began the quest for the Orb.
     0 | D:1      | Reached XP level 1. HP: 16/16 MP: 1/1
   140 | D:1      | Reached XP level 2. HP: 24/24 MP: 0/2
   554 | D:1      | Reached XP level 3. HP: 25/31 MP: 3/3
   726 | D:2      | Found a faded altar of an unknown god.
   752 | D:2      | Prayed at the altar of an unknown god.
   752 | D:2      | Became a worshipper of Qazlal Stormbringer
   752 | D:2      | Reached * piety under Qazlal
   827 | D:2      | Noticed Terence
   842 | D:2      | Killed Terence
   846 | D:2      | Reached XP level 4. HP: 30/39 MP: 2/5
   849 | D:2      | Reached skill level 1 in Short Blades
  1138 | D:3      | Noticed Natasha
  1150 | D:3      | Killed Natasha
  1151 | D:3      | Reached XP level 5. HP: 45/45 MP: 4/6
  1320 | D:3      | Noticed Natasha
  1335 | D:3      | Killed Natasha
  1455 | D:3      | Noticed Natasha
  1458 | D:3      | Killed Natasha
  1473 | D:3      | Noticed Jessica
  1495 | D:3      | Killed Jessica
  1495 | D:3      | Reached ** piety under Qazlal
  1628 | D:4      | Found a staircase to the Ecumenical Temple.
  1674 | D:4      | Reached XP level 6. HP: 54/54 MP: 5/7
  1990 | D:5      | Entered Level 5 of the Dungeon
  2015 | D:5      | Slain by an iguana

Illustrated notes

Levels and vault maps discovered:
D:1:      minmay_arrival_jagged, layout_basic, kennysheep_boxes
D:2:      layout_rooms, ebering_ecumenical_altar_webs, basic_altar,
          chequers_serial_rivers_micro_b, nicolae_kite_square_tiling_tiny,
          uniq_terence, uniq_crazy_yiuf_cottage
D:3:      layout_rooms, chequers_mini_garden, uniq_jessica, uniq_natasha
D:4:      nicolae_cairo_tiling_very_big, layout_loops_ring,
          minmay_temple_entry_sparse_star, hangedman_abyss_or_decor_passed,
          kennysheep_dice
D:5:      layout_rooms

Skill      XL: |  1  2  3  4  5 |
---------------+----------------+-----
Conjurations   | 3 |  3.8
Dodging        | 2 3 |  3.0
Short Blades   | 1 |  1.6
Fighting       | |  0.9
Staves         | |  0.7
Stealth        | |  1.2
Shields        | |  0.5
Unarmed Combat | |  0.2
Spellcasting   | |  1.8

Action                     |  1- 3 |  4- 6 || total
---------------------------+-------+-------++-------
  Melee: Unarmed           |    11 |       ||    11
         Short sword       |    70 |       ||    70
         Punch             |     1 |       ||     1
         Rapier            |     6 |    21 ||    27
         Staff             |     3 |   101 ||   104
   Cast: Magic Dart        |    24 |    43 ||    67
    Use: Scroll            |     2 |     8 ||    10
         Potion            |     2 |     1 ||     3
 Armour: Robe              |    88 |   122 ||   210
  Dodge: Dodged            |    62 |    85 ||   147
  Block: Other             |     2 |     1 ||     3
         Kite shield       |       |    70 ||    70

Table legend: (Time is in decaauts)
 A = Elapsed time spent in this place.
 B = Non-inter-level travel time spent in this place.
 C = Inter-level travel time spent in this place.
 D = Time resting spent in this place.
 E = Time spent auto-exploring this place.
 F = Levels seen in this place.
 G = Mean time per level.
                   A        B        C        D        E       F      G
               +--------+--------+--------+--------+--------+-----+--------+
         Total |   2052 |   2049 |      3 |      0 |      0 |   5 |  410.4 |
       Dungeon |   2052 |   2049 |      3 |      0 |      0 |   5 |  410.4 |
               +--------+--------+--------+--------+--------+-----+--------+

Top non-repeatable levels by time:
     D:1: 665 daAuts
     D:3: 542 daAuts
     D:4: 497 daAuts
     D:2: 318 daAuts
     D:5: 28 daAuts
